 Dungeon Crawl Stone Soup version 0.31-a0-175-g9f7f995f2b (webtiles) character file.

Game seed: 16080180078340392845

18 qw the Shooter (level 2, -5/17 HPs)
             Began as a Gargoyle Hunter on June 16, 2023.
             Slain by Natasha (7 damage)
             ... on level 2 of the Dungeon.
             The game lasted 00:00:14 (672 turns).

qw the Shooter (Gargoyle Hunter)                     Turns: 672, Time: 00:00:15

Health: -5/17      AC:  8    Str: 14    XL:     2   Next: 70%
Magic:  2/2        EV: 10    Int:  9    God:
Gold:   98         SH:  0    Dex: 13    Spells: 1/1 levels left

rFire   . . .        Y - +0 shortbow
rCold   . . .        (shield currently unavailable)
rNeg    + . .        h - +0 ring mail
rPois   inf          (no helmet)
rElec   +            (no cloak)
rCorr   .            (no gloves)
SInv    .            (no boots)
Will    .....        (no amulet)
Stlth   +            (no ring)
HPRegen 0.22/turn    (no ring)
MPRegen 0.08/turn

%: no passive effects
@: slowed, very slow
A: sickness immunity, AC +2, negative energy resistance 1, electricity
resistance, torment resistance 1, petrification resistance
a: no special abilities


You were on level 2 of the Dungeon.
You visited 1 branch of the dungeon, and saw 2 of its levels.

You collected 98 gold pieces.


Innate Abilities, Weirdness & Mutations

You are immune to sickness and miasma.
Your stone body is resilient. (AC +2)
You are immune to poison.
You resist negative energy. (rN+)
You are resistant to electric shocks. (rElec)
You are resistant to unholy torment.
You are immune to petrification.


   Skills:
 - Level 2.1 Fighting
 + Level 4.5 Ranged Weapons
 - Level 1.0 Armour
 - Level 1.5 Dodging
 - Level 1.1 Stealth


You had one spell level left.
You didn't know any spells.
Your spell library was empty.

Inventory:

Hand Weapons
 Y - a +0 shortbow (weapon)
Armour
 h - a +0 ring mail (worn)
Scrolls
 a - a scroll of identify
 b - a scroll of enchant armour {unknown}
Potions
 g - a potion of heal wounds {unknown}
 i - a potion of curing {unknown}

Dungeon Overview and Level Annotations

Branches:
Dungeon (2/15)

Altars:

Annotations:
D:2 Natasha


Message History

You shoot an arrow. The arrow hits the worm!
You kill the worm!
Your Armour skill increases to level 1!
Found a stone staircase leading down.
Enter note: An orc comes into view. It is wielding a +0 dagger.
The orc shouts!
Enter note: You shoot an arrow.
The arrow barely misses the orc.
You shoot an arrow. The arrow hits the orc.
The orc is lightly wounded.
Natasha, Servant of Life and Death comes into view.
You shoot an arrow.
Natasha hisses angrily.
The arrow hits the orc!
You kill the orc!
You shoot an arrow. The arrow hits Natasha.
Natasha is heavily wounded.
Natasha drinks a potion.
Natasha flickers and vanishes!
Deactivating autopickup; reactivate with Ctrl-A.
You shoot an arrow. You shoot an arrow. You shoot an arrow.
A magic dart appears from out of thin air!
The magic dart hits you.
You shoot an arrow. Something claws you!
You shoot an arrow. Something claws you!
You shoot an arrow. Something claws you but does no damage.
You shoot an arrow. Something claws you but does no damage.
You shoot an arrow. Something completely misses you.
You hear some strange, mumbled words.
You feel yourself slow down.
You shoot an arrow. Something claws you!
You die...

#############
#............
#.###..###### ####.#
#..#
###....###..######## .
..................>#....
###......#......@.......
....#.##.#......#)......
....#.#.........#.......
...##.#.........#.......
......#.........#.......
.....##.........#.......
.....##.........#.......
#.........#....#........
.......


There were no monsters in sight!

Vanquished Creatures
  A worm (D:2)
  An orc (D:2)
  A ball python (D:1)
  2 bats (D:1)
  An endoplasm (D:1)
  2 goblins (D:1)
  A hobgoblin (D:1)
  2 frilled lizards (D:1)
  3 rats
14 creatures vanquished.

Notes
Turn   | Place    | Note
-------+----------+-------------------------------------------
     0 | D:1      | qw the Gargoyle Hunter began the quest for the Orb.
     0 | D:1      | Reached XP level 1. HP: 12/12 MP: 1/1
     0 | D:1      | 0 ||| qw: Version: 0.2-a-29-g511e9b1
     0 | D:1      | 0 ||| qw: Game counter: 54
     0 | D:1      | 0 ||| qw: Always use a shield: true
     0 | D:1      | 0 ||| qw: God list: Okawaru
     0 | D:1      | 0 ||| qw: Allow faded altars: false
     0 | D:1      | 0 ||| qw: Do Orc after D:15 true
     0 | D:1      | 0 ||| qw: Do second Lair branch before Depths: true
     0 | D:1      | 0 ||| qw: Lair rune preference: random
     0 | D:1      | 0 ||| qw: Plans: Normal, Zot:1-4, Slime:5, God:TSO, Crypt,
                  | Tomb, Abyss, Pan, Hells, Win
     0 | D:1      | 0 ||| PLANNING D:1-11
   299 | D:1      | Reached XP level 2. HP: 17/17 MP: 2/2
   532 | D:1      | 532 ||| UPGRADING to +0 ring mail.
   542 | D:1      | 542 ||| DROPPING +0 leather armour.
   543 | D:1      | 543 ||| READING 3 scrolls labelled IKHUNAI YHUA.
   544 | D:1      | 544 ||| READING 2 scrolls labelled XEAXZA AFAYPE.
   545 | D:1      | 545 ||| READING 2 scrolls of identify.
   545 | D:1      | 545 ||| IDENTIFYING fuming inky potion
   546 | D:1      | 546 ||| DROPPING scroll of butterflies.
   547 | D:1      | 547 ||| DROPPING scroll of revelation.
   548 | D:1      | 548 ||| DROPPING potion of brilliance.
   572 | D:2      | 572 ||| STAIRDANCE
   643 | D:2      | Reached skill level 1 in Armour
   661 | D:2      | Noticed Natasha
   668 | D:2      | HP: 1/17 [something (8)]
   672 | D:2      | Slain by Natasha

Levels and vault maps discovered:
D:1:      amcnicky_arrival_flooded_fountain, layout_basic
D:2:      layout_basic, basic_altar, chequers_ecumenical_altar_grove,
          chequers_serial_rivers_room_b, grunt_ministairs_3,
          palyth_stone_intersect, uniq_natasha

Skill      XL: |  1  2 |
---------------+-------+-----
Armour         | 1 |  1.0
Fighting       | |  2.1
Ranged Weapons | |  4.5
Dodging        | |  1.5
Stealth        | |  1.1

Action                     || total
---------------------------++-------
   Fire: Shortbow          ||    46
    Use: Scroll            ||     3
 Armour: Ring mail         ||     2
  Dodge: Dodged            ||     2

Table legend:
 A = Non-vault XP
 B = Vault XP
 C = Vault XP percentage of total XP
 D = Non-vault monster count
 E = Vault monster count
 F = Vault count percentage of total count
                 A         B        C        D         E       F
            +---------+---------+-------+---------+---------+-------
      Total |      27 |       0 |   0.0 |      14 |       0 |   0.0
            +---------+---------+-------+---------+---------+-------
        D:1 |      17 |       0 |   0.0 |      10 |       0 |   0.0
        D:2 |      10 |       0 |   0.0 |       4 |       0 |   0.0
            +---------+---------+-------+---------+---------+-------
